Map: Distant Plane

Players

bLaCkMambA - Winner!

  • Race: Zerg Zerg
  • Spawn Location: 5:00

CrucialNug

  • Race: Terran Terran
  • League: Master
  • Spawn Location: 1:00

cashmeoutsi

  • Race: Terran Terran
  • League: Master
  • Spawn Location: 1:00

llllllllllll - Winner!

  • Race: Terran Terran
  • Spawn Location: 5:00

VOD

Have the link to the VOD?

Description

Time

  • Played on: April 2, 2017, 2:24 a.m.
  • Length: 13:42
Show
View Real Time Build Order
Export as new Build Order

bLaCkMambA Zerg - Winner!

Build Orders: Pool First, Ravager All-In 

Get SALT Encoding   

  12  0:00  Drone  
  13  0:09  Drone  
  14  0:25  Spawning Pool  
  13  0:29  Drone  
  14  0:35  Overlord  
  14  0:42  Extractor  
  13  0:43  Drone  
  13  0:49  Extractor, Drone  
  14  0:58  Drone  
  14  1:03  Drone  
  16  1:12  Roach Warren  
  16  1:15  Zergling x2  
  16  1:25  Overlord  
  16  1:51  Roach  
  16  1:52  Roach  
  20  1:55  Roach  
  22  2:06  Roach  
  25  2:15  Ravager  
  25  2:16  Ravager x2  
  26  2:25  Overlord  
  26  2:26  Ravager  
  27  2:34  Roach  
  29  2:50  Drone  
  30  3:13  Drone  
  30  3:17  Hatchery  
  30  3:40  Ravager  
  31  3:42  Queen  
  33  3:51  Hatchery  
  32  4:03  Overlord, Drone  
  33  4:12  Drone  
  34  4:17  Drone  
  35  4:24  Queen  
  37  4:49  Drone  
  37  4:50  Drone x4  
  42  4:54  Drone x2, Queen  
  46  5:03  Drone x4  
  46  5:06  Spore Crawler  
  50  5:12  Drone  
  48  5:17  Drone x2  
  51  5:22  Drone  
  51  5:24  Drone  
  51  5:26  Drone x2  
  51  5:27  Drone x2  
  57  5:35  Drone  
  58  5:36  Overlord  
  58  5:38  Overlord  
  58  5:45  Extractor  
  58  5:47  Evolution Chamber, Queen  
  58  5:50  Spore Crawler, Evolution Chamber  
  58  5:51  Drone  
  58  5:52  Spore Crawler  
  56  5:59  Overlord  
  54  6:11  Metabolic Boost  
  53  6:13  Drone x3  
  53  6:14  Drone x3  
  59  6:23  Drone  
  59  6:24  Drone  
  59  6:25  Overlord  
  61  6:26  Zergling x2  
  61  6:27  Zergling x2  
  63  6:40  Drone  
  63  6:41  Drone x6  
  69  6:50  Drone  
  69  6:51  Drone x4  
  74  6:55  Lair  
  74  6:57  Drone  
  73  7:11  Zerg Missile Weapons Level 1  
  73  7:13  Drone x2, Zerg Ground Armor Level 1  
  73  7:14  Overlord, Drone x2  
  73  7:15  Overlord  
  77  7:21  Extractor  
  77  7:22  Extractor  
  75  7:23  Drone  
  75  7:24  Drone x4  
  80  7:37  Drone  
  80  7:39  Drone x3  
  80  7:40  Drone  
  80  7:41  Baneling Nest  
  84  7:54  Glial Reconstitution  
  84  7:55  Overlord x3  
  84  7:59  Roach x3  
  84  8:02  Roach x3  
  96  8:08  Infestation Pit  
  95  8:16  Hatchery  
  92  8:21  Spore Crawler  
  92  8:26  Drone x2  
  94  8:27  Drone x2  
  94  8:28  Extractor, Drone  
  94  8:30  Zergling x6, Centrifical Hooks  
  99  8:38  Ravager  
  99  8:39  Ravager x2  
  99  8:40  Overlord x3  
  102  8:54  Pathogen Glands, Burrow  
  102  9:04  Baneling x6  
  102  9:06  Queen  
  102  9:07  Drone  
  102  9:08  Hatchery  
  104  9:13  Drone x2  
  106  9:19  Roach x11  
  106  9:24  Overlord x2  
  128  9:30  Hatchery  
  127  9:33  Drone x3  
  127  9:34  Drone x3  
  127  9:36  Zerg Missile Weapons Level 2  
  133  9:41  Zerg Ground Armor Level 2  
  133  9:44  Zergling x10  
  133  10:00  Zergling x2  
  133  10:01  Zergling x24  
  142  10:11  Spore Crawler, Drone  
  142  10:12  Drone  
  141  10:15  Drone x2  
  141  10:16  Drone  
  141  10:19  Hive  
  142  10:23  Extractor, Queen  
  142  10:25  Extractor  
  142  10:26  Infestor x2  
  142  10:28  Infestor  
  144  10:37  Baneling x5  
  144  10:38  Baneling  
  144  10:39  Zergling x14  
  151  10:49  Zergling x6  
  145  10:50  Zergling x14  
  136  10:59  Zergling x22  
  143  11:10  Roach x3  
  143  11:11  Roach x6  
  154  11:29  Roach x9  
  156  11:47  Infestor x4  
  141  12:00  Zergling x30  
  148  12:08  Drone x3, Queen  
  149  12:13  Drone  
  149  12:15  Ravager x6  
  160  12:18  Zergling x18  
  169  12:23  Baneling x6  
  169  12:24  Baneling  
  169  12:35  Zergling x2  
  169  12:36  Zergling x20  
  180  12:37  Overlord x3  
  180  12:38  Overlord  
  180  12:42  Ultralisk Cavern  
  180  12:44  Extractor x2  
  178  12:47  Baneling x7  
  178  12:48  Zergling x2  
  178  12:49  Zergling x2  
  163  13:14  Zergling x40  
  163  13:15  Zergling x8  
  162  13:24  Zergling x2  
  162  13:25  Zergling x10  
Show
View Real Time Build Order
Export as new Build Order

CrucialNug Terran 

Build Orders: Liberator Opening, Reaper Expand, MMM Bio 

Get SALT Encoding   

  12  0:00  SCV  
  13  0:12  SCV  
  14  0:17  Supply Depot  
  14  0:24  SCV  
  15  0:38  SCV  
  15  0:40  Barracks  
  16  0:44  Refinery  
  16  0:51  SCV  
  17  1:03  SCV  
  18  1:15  SCV  
  19  1:29  Reaper, Orbital Command  
  20  1:40  Command Center  
  20  1:50  Barracks  
  20  1:55  SCV  
  21  2:01  Barracks Reactor  
  21  2:05  Supply Depot  
  21  2:11  SCV  
  22  2:18  Refinery  
  22  2:23  SCV  
  23  2:31  Factory  
  23  2:35  SCV  
  24  2:37  Barracks Tech Lab  
  24  2:44  Marine  
  24  2:45  Marine  
  24  2:47  SCV  
  27  2:52  Orbital Command  
  27  2:56  Marine, Stimpack  
  28  3:04  Bunker  
  28  3:06  Marine  
  28  3:07  Marine  
  28  3:21  SCV  
  28  3:24  SCV, Starport  
  30  3:29  Marine  
  32  3:35  Bunker  
  32  3:45  Cyclone  
  32  3:46  Liberator  
  33  3:58  Barracks  
  33  4:00  Supply Depot  
  35  4:10  Marine  
  35  4:14  Supply Depot  
  36  4:22  Cyclone  
  39  4:35  Marine  
  40  4:43  Command Center  
  40  4:45  Supply Depot  
  40  4:53  Barracks Tech Lab  
  40  4:59  Supply Depot  
  40  5:06  Marine, Medivac  
  43  5:14  Marine  
  43  5:15  Combat Shields  
  43  5:20  Supply Depot  
  41  5:21  SCV  
  42  5:39  Siege Tank  
  42  5:42  Barracks Reactor  
  45  5:45  Marine  
  46  5:56  Command Center  
  45  6:07  Starport Reactor  
  45  6:10  SCV  
  43  6:15  Marine, Siege Tank  
  47  6:20  Marine x2  
  47  6:22  SCV  
  50  6:29  Orbital Command  
  50  6:34  SCV  
  50  6:36  Marine  
  52  6:46  SCV  
  53  6:54  Barracks  
  53  6:56  Siege Tank  
  53  6:58  Barracks, SCV  
  53  6:59  Starport Reactor  
  53  7:01  SCV  
  58  7:09  Marine x3  
  58  7:10  SCV  
  62  7:16  Orbital Command  
  62  7:20  SCV  
  62  7:22  Refinery  
  63  7:28  Engineering Bay x2  
  63  7:29  SCV  
  64  7:32  SCV  
  64  7:34  Marine  
  64  7:35  Marine  
  67  7:40  Medivac  
  67  7:42  Medivac  
  71  7:44  SCV  
  71  7:47  SCV  
  73  7:51  Marine x2  
  73  7:52  Refinery  
  73  7:54  Barracks Reactor  
  73  7:56  SCV  
  74  8:04  SCV  
  74  8:05  SCV  
  74  8:07  Terran Infantry Armor Level 1, Terran Infantry Weapons Level 1  
  74  8:09  Supply Depot  
  74  8:12  Marine x2  
  75  8:13  Marine x2  
  75  8:17  Orbital Command  
  79  8:21  SCV  
  79  8:23  SCV  
  79  8:26  Medivac  
  72  8:27  Medivac  
  83  8:29  Marine  
  83  8:30  Marine  
  83  8:31  Siege Tank  
  90  8:38  Marine x2  
  90  8:39  Marine x2  
  94  8:41  SCV  
  94  8:45  Supply Depot  
  94  8:47  Marine x2  
  94  8:48  Marine  
  98  8:49  SCV  
  98  8:54  SCV  
  101  8:55  SCV  
  101  9:04  Sensor Tower  
  101  9:05  Armory  
  101  9:07  Marine, SCV  
  101  9:08  SCV  
  101  9:09  SCV  
  105  9:13  Marine x4  
  109  9:20  Supply Depot  
  109  9:30  Refinery, Supply Depot  
  109  9:32  Supply Depot  
  109  9:34  Marine x3  
  109  9:35  Marine  
  109  9:37  Missile Turret  
  113  9:39  Siege Tank  
  113  9:41  Marine  
  113  9:43  Medivac  
  119  9:52  Marine x2  
  120  9:53  Marine x2  
  120  9:54  Marine x2  
  120  9:59  Marine  
  123  10:02  Terran Infantry Weapons Level 2, Terran Infantry Armor Level 2  
  122  10:10  Marine x2  
  122  10:11  Marine x2, Siege Tank  
  122  10:12  Marine x2  
  131  10:17  Marine, SCV, Supply Depot  
  127  10:24  Supply Depot, Terran Vehicle Weapons Level 1  
  127  10:25  SCV  
  127  10:28  Marine x2  
  129  10:30  Marine x3  
  129  10:35  Marine  
  127  10:37  Marine  
  127  10:39  Medivac x2  
  129  10:43  SCV  
  129  10:46  Marine x2  
  129  10:47  Marine x2  
  129  10:48  Marine  
  128  10:54  Marine  
  128  10:55  Marine  
  122  10:57  Siege Tank  
  122  11:00  Supply Depot  
  122  11:03  Marine x2  
  125  11:05  Marine x2  
  125  11:08  Marine  
  128  11:12  Marine  
  128  11:21  Marine x3  
  128  11:25  Marine x2  
  129  11:26  Marine  
  129  11:29  Marine  
  125  11:35  Supply Depot  
  125  11:38  Marine, Siege Tank  
  125  11:39  Marine x2, Medivac  
  133  11:40  Medivac  
  133  11:43  Marine x2  
  134  11:49  Marine  
  134  11:52  Marine  
  113  11:56  Liberator x2  
  113  12:00  Marine x3  
  113  12:01  Marine  
  103  12:03  Marine  
  103  12:07  Marine  
  101  12:10  Factory  
  101  12:12  Siege Tank  
  101  12:14  Marine  
  111  12:20  Marine x2, Command Center  
  111  12:21  Marine x2  
  115  12:36  Marine  
  106  12:38  Marine x2  
  106  12:42  Marine  
  109  12:44  Marine  
  109  12:45  Marine  
  109  12:46  Siege Tank  
  109  12:48  Marine  
  115  12:53  Sensor Tower  
  115  12:54  Marine, Factory Tech Lab  
  115  12:56  Marine, Medivac x2  
  121  13:03  Marine x2  
  121  13:04  Marine  
  124  13:06  Marine  
  124  13:17  Marine x3  
  109  13:21  Marine x2  
  109  13:22  Marine  
  109  13:23  Marine  
Show
View Real Time Build Order
Export as new Build Order

cashmeoutsi Terran 

Build Orders: Cyclone Opening, Reaper Expand 

Get SALT Encoding   

  12  0:01  SCV  
  13  0:13  SCV  
  14  0:18  Supply Depot  
  14  0:25  SCV  
  15  0:30  Refinery  
  15  0:40  SCV  
  16  0:47  Barracks  
  16  0:52  SCV  
  17  1:04  SCV  
  18  1:16  SCV  
  19  1:35  Reaper, Orbital Command  
  20  1:45  Command Center  
  20  1:56  Factory  
  20  2:00  SCV  
  21  2:10  Barracks Reactor  
  21  2:12  SCV  
  21  2:24  SCV  
  21  2:27  Supply Depot  
  21  2:29  Refinery  
  22  2:37  SCV  
  22  2:47  Marine  
  22  2:48  Cyclone, Bunker  
  22  2:49  SCV  
  22  2:50  Marine  
  28  3:01  SCV  
  28  3:05  Marine  
  30  3:08  Marine, Orbital Command  
  31  3:13  SCV  
  31  3:22  Marine  
  32  3:27  Cyclone  
  35  3:36  Marine  
  35  3:40  Marine  
  36  3:54  Marine  
  37  3:58  Marine, Starport  
  37  3:59  Orbital Command  
  38  4:13  Marine  
  38  4:14  Cyclone  
  38  4:16  Marine  
  43  4:18  SCV  
  43  4:24  SCV  
  45  4:27  Supply Depot  
  45  4:35  Starport Tech Lab  
  45  4:37  Marine x2  
  45  4:38  SCV  
  46  4:43  SCV  
  46  4:52  SCV  
  45  4:55  Banshee  
  46  5:10  Marine, Cyclone  
  46  5:11  Marine  
  51  5:14  SCV  
  51  5:15  Supply Depot  
  51  5:18  Cloaking Field  
  52  5:22  SCV  
  53  5:28  Marine x2  
  53  5:33  SCV  
  56  5:38  Banshee  
  56  5:41  SCV  
  60  5:52  Orbital Command  
  60  5:56  SCV  
  61  6:08  SCV  
  62  6:21  Banshee, SCV x2  
  64  6:33  SCV x2  
  64  6:39  Barracks Tech Lab  
  66  6:45  SCV  
  66  6:46  SCV  
  68  6:57  SCV  
  68  6:58  SCV  
  67  7:01  Marine  
  67  7:02  Stimpack  
  67  7:07  Barracks  
  67  7:08  Factory Reactor, Engineering Bay  
  68  7:09  Banshee, Barracks, Refinery, SCV  
  68  7:10  SCV  
  68  7:13  Supply Depot  
  73  7:21  SCV  
  74  7:23  SCV  
  75  7:33  Marine, SCV  
  75  7:35  Terran Infantry Weapons Level 1, SCV  
  78  7:38  Supply Depot  
  78  7:40  Missile Turret  
  78  7:42  Missile Turret  
  78  7:45  SCV  
  78  7:46  Missile Turret  
  78  7:47  SCV  
  78  7:49  Supply Depot  
  78  7:50  Marine  
  81  8:00  SCV  
  81  8:03  Barracks  
  81  8:04  Starport Reactor, Barracks  
  82  8:06  Marine x2  
  82  8:07  Marine x2  
  86  8:18  Marine  
  87  8:21  SCV  
  87  8:24  Marine x2, SCV  
  87  8:26  Marine x2  
  93  8:28  Siege Tank  
  93  8:33  SCV  
  97  8:36  Marine  
  97  8:40  Refinery  
  98  8:41  Command Center  
  98  8:42  Marine x2  
  98  8:44  Marine  
  98  8:45  Marine  
  102  8:52  Medivac x2  
  106  8:59  Barracks Reactor x2  
  106  9:02  Combat Shields  
  106  9:04  Marine x4  
  110  9:14  Supply Depot  
  110  9:15  Marine, Siege Tank  
  114  9:18  Supply Depot  
  114  9:21  Marine  
  114  9:22  Marine, Medivac  
  118  9:35  Marine x3, Medivac  
  118  9:36  Supply Depot  
  117  9:54  Marine x2  
  113  10:01  Marine x4  
  113  10:02  Marine x2  
  119  10:08  Marine  
  119  10:09  Siege Tank, Medivac x2  
  119  10:12  Marine x2  
  129  10:19  Marine x2  
  131  10:23  Marine x4  
  131  10:25  Terran Infantry Armor Level 1  
  131  10:26  Marine  
  136  10:29  Armory  
  136  10:33  Engineering Bay  
  121  10:50  Marine x8  
  121  10:51  Marine  
  105  11:00  SCV x2  
  100  11:08  Marine x8  
  102  11:31  Marine x5  
  102  11:32  Marine x2  
  85  11:35  SCV x2  
  87  11:42  Marine x2  
  89  11:47  SCV  
  89  11:49  Marine  
  91  11:54  Refinery  
  91  11:56  Refinery  
  91  12:00  Marine x2  
  91  12:04  SCV  
  91  12:05  Marine x4  
  91  12:06  Medivac  
  91  12:12  Marine x2  
  91  12:13  Marine  
  94  12:18  Marine x2  
  96  12:23  Marine, Supply Depot  
  96  12:24  Planetary Fortress  
  96  12:27  Marine x2  
  99  12:31  Marine  
  100  12:44  Marine x2  
  100  12:45  Marine x2  
  100  12:47  Siege Tank  
  107  12:58  Marine x4  
  107  12:59  Marine  
  107  13:02  Marine  
  79  13:22  Marine x5  
  79  13:23  Marine  
Show
View Real Time Build Order
Export as new Build Order

llllllllllll Terran - Winner!

Build Orders: Cyclone Opening, MMM Bio 

Get SALT Encoding   

  12  0:01  SCV  
  13  0:13  SCV  
  14  0:19  Supply Depot  
  14  0:24  Refinery  
  14  0:29  SCV  
  15  0:41  SCV  
  16  0:47  Barracks  
  16  0:53  SCV  
  17  0:59  Refinery  
  17  1:05  SCV  
  18  1:18  SCV  
  19  1:35  Factory  
  19  1:37  Barracks Reactor  
  19  1:42  Orbital Command  
  19  1:54  Supply Depot  
  18  2:08  SCV  
  19  2:21  SCV  
  20  2:25  Cyclone  
  20  2:27  Cyclone  
  26  2:36  Supply Depot  
  26  2:39  SCV  
  27  2:57  Cyclone  
  30  2:59  Cyclone  
  30  3:01  SCV  
  34  3:13  SCV  
  35  3:29  SCV  
  35  3:30  Cyclone  
  39  3:54  Supply Depot  
  39  4:05  Command Center  
  39  4:12  Barracks Tech Lab  
  39  4:16  SCV  
  43  4:28  SCV  
  41  4:33  Factory Tech Lab  
  41  4:35  Starport  
  41  4:40  SCV  
  41  4:41  Barracks  
  42  4:50  Stimpack  
  42  4:52  SCV  
  43  4:56  Siege Tank  
  46  5:07  Marine  
  44  5:16  Viking  
  44  5:17  Viking  
  44  5:18  SCV  
  49  5:26  Orbital Command  
  49  5:29  Barracks Reactor  
  49  5:30  Marine  
  50  5:40  SCV  
  50  5:41  Siege Tank  
  54  5:47  Barracks  
  54  5:48  Marine  
  55  5:54  SCV  
  55  5:55  SCV  
  55  5:56  Viking  
  59  6:04  Engineering Bay  
  58  6:11  SCV x2  
  59  6:12  Marine x2  
  61  6:25  SCV  
  62  6:29  Supply Depot  
  62  6:30  Supply Depot  
  62  6:33  Missile Turret  
  62  6:38  Missile Turret  
  62  6:42  SCV  
  62  6:47  Marine x3  
  62  6:59  SCV x2  
  62  7:05  Barracks Reactor, Combat Shields  
  61  7:16  SCV x2  
  61  7:18  Marine x3  
  66  7:28  SCV  
  67  7:32  Supply Depot  
  67  7:33  Terran Infantry Weapons Level 1  
  67  7:34  Supply Depot  
  67  7:36  Marine x3  
  70  7:38  SCV  
  70  7:40  SCV  
  70  7:41  Marine x2  
  74  7:49  Siege Tank  
  77  7:53  Marine  
  77  7:54  Marine  
  77  7:55  SCV x2  
  81  8:06  Medivac x2  
  81  8:07  SCV x2  
  86  8:14  Marine x2  
  86  8:18  Marine x3  
  86  8:19  SCV  
  92  8:20  SCV  
  92  8:24  Supply Depot  
  92  8:26  Supply Depot x2  
  92  8:32  Marine  
  93  8:34  Barracks  
  93  8:37  Barracks, Refinery  
  93  8:44  Supply Depot  
  93  8:46  Supply Depot  
  93  8:49  Siege Tank, Medivac  
  98  8:56  Supply Depot  
  98  8:59  Marine x3  
  101  9:04  Marine x2  
  103  9:11  Supply Depot  
  103  9:12  Medivac  
  105  9:23  Siege Tank, Supply Depot  
  105  9:24  Barracks Reactor  
  108  9:25  Barracks Reactor  
  108  9:29  Marine x2  
  109  9:46  Marine x2, Medivac x2  
  109  9:47  Marine x3  
  118  9:59  Supply Depot  
  118  10:04  Marine x2  
  116  10:33  Marine x6  
  113  10:38  Siege Tank, Medivac x2  
  119  10:45  Command Center  
  119  10:47  Marine x3  
  120  10:51  Marine x3  
  120  10:52  Marine  
  119  11:10  Siege Tank, Medivac x2  
  126  11:11  Marine  
  126  11:12  Marine  
  126  11:15  Terran Infantry Armor Level 1  
  118  11:26  Marine  
  118  11:27  Marine  
  101  11:35  Marine x5  
  101  11:36  Marine x2  
  108  11:44  Marine  
  109  11:50  Medivac  
  109  11:51  Siege Tank  
  114  11:54  Marine x3  
  114  11:55  Marine  
  114  12:00  Marine x2  
  103  12:09  Marine x3  
  103  12:12  Marine  
  107  12:17  Orbital Command  
  107  12:32  Siege Tank  
  110  12:38  SCV  
  110  12:39  SCV  
  112  12:51  SCV  
  113  12:57  Armory  
  113  12:58  Factory, Engineering Bay  
  113  13:03  Marine x5  
  113  13:04  Marine  
  119  13:06  Siege Tank  
  119  13:08  Medivac  
  123  13:21  Marine x4  
  123  13:22  Marine x5  
Tags
 
Add a new tag
Caveats
  • Supply blocks, unpowered buildings, or Contaminate may cause inaccurate times.
  • Supply counts are checked every 10 seconds.